 Dungeon Crawl Stone Soup version 0.27-a0-1144-g0b7d3b79db (webtiles) character file.

Game seed: 3409771651886807844

17 Vomitron the Conjurer (level 2, 20/20 HPs)
             Began as a Draconian Conjurer on May 10, 2021.
             Was a Follower of Trog.
             Quit the game on level 1 of the Dungeon.
             The game lasted 00:02:13 (1096 turns).

Vomitron the Conjurer (Draconian Conjurer)          Turns: 1096, Time: 00:02:14

Health: 20/20      AC:  4    Str:  9    XL:     2   Next: 44%
Magic:  5/5        EV: 12    Int: 18    God:    Trog [*.....]
Gold:   18         SH:  0    Dex:  9    Spells: 2/5 levels left

rFire    . . .     SeeInvis .   b - +0 club
rCold    . . .     Faith    .   (no shield)
rNeg     . . .     Spirit   .   (armour unavailable)
rPois    .         Reflect  .   (helmet restricted)
rElec    .         Harm     .   (no cloak)
rCorr    .         Rampage  .   (no gloves)
Will     .....                  (no boots)
Stlth    ++........             (no amulet)
HPRegen  0.06/turn              (no ring)
MPRegen  0.09/turn              (no ring)

@: no status effects
A: AC +4, unfitting armour, cold-blooded
a: Renounce Religion, Berserk


You were on level 1 of the Dungeon.
You worshipped Trog.
Trog was aware of your devotion.
You visited 1 branch of the dungeon, and saw 1 of its levels.

You collected 18 gold pieces.

Inventory:

Hand Weapons
 b - a +0 club (weapon)
Armour
 d - a +0 kite shield
Jewellery
 a - an amulet of guardian spirit
Scrolls
 c - a scroll of identify {unknown}
 e - a scroll of amnesia {unknown}


   Skills:
 - Level 1.7 Dodging
 - Level 1.7 Stealth
 + Level 0.8 Shields
 - Level 2.2 Spellcasting
 - Level 4.3 Conjurations


You had 2 spell levels left.
You knew the following spells:

 Your Spells              Type           Power      Damage    Failure   Level
a - Magic Dart            Conj           68%        1d6       3%          1
b - Searing Ray           Conj           34%        3d4       4%          2

Your spell library contained the following spells:

 Spells                   Type           Power      Damage    Failure   Level
 Dazzling Flash           Conj/Hex       18%        N/A       22%         3
 Fulminant Prism          Conj/Hex       4%         3d6       56%         4
 Iskenderun's Mystic Bla  Conj/Tloc      9%         2d4       56%         4


Dungeon Overview and Level Annotations

Branches:
Dungeon (1/15)

Altars:
Trog


Innate Abilities, Weirdness & Mutations

Your plain brown scales are hard. (AC +4)
You cannot fit into any form of body armour.
You are cold-blooded and may be slowed by cold attacks.


Message History

Unknown command.
Unknown command.
You start resting.
HP restored.
Magic restored.
You see here a dart slug corpse.
Found a stone staircase leading down.
You open the door.
Found a faded altar of an unknown god.
There is an open door here.
There is an open door here.
There is an open door here.
Found a leather armour.
You see here a +0 leather armour.
A hobgoblin comes into view.
The hobgoblin shouts!
Unknown command.
Aiming: Magic Dart (safe; 3% risk of failure)
Press: ? - help, Q - select action, (/) - cycle Shift-Dir - straight line, f - hobgoblin
Aim: a hobgoblin (100% to hit)
The magic dart hits the hobgoblin.
You kill the hobgoblin!
Unknown command.
Unknown command.
You see here a +0 leather armour.
There is an open door here.
There is an open door here.
There is an open door here.
There is a faded altar of an unknown god here.
You cannot tell which god this altar belongs to.
Convert to them anyway?
Okay, then.
You cannot tell which god this altar belongs to.
Convert to them anyway?
Trog accepts your prayer! Trog welcomes you!
You can now go berserk at will.
Unknown command.
Press < or > to pray at altars.
Are you sure you want to abandon this character and quit the game? (Confirm with "yes".)
Okay, then.
Are you sure you want to abandon this character and quit the game? (Confirm with "yes".)

.....#'##########
..#..#.##.......##
###..#.##...#.#..#####
.....................#
.##....##..#####.....#
.####..##..8#...###..#
......>######......###
#########...#..###..#
#.†...##......#@#..#
#.###.###'##..#.#..#
##.# #.##...#..#.'..#
...# #.##..8#..#.#..#
#### #..######.#######
# ##..............# #
#.......########
#########


There were no monsters in sight!

Vanquished Creatures
  A dart slug (D:1)
  A goblin (D:1)
  3 hobgoblins (D:1)
  A jackal (D:1)
  A quokka (D:1)
  2 bats (D:1)
  A frilled lizard (D:1)
  4 kobolds (D:1)
  2 rats (D:1)
16 creatures vanquished.

Notes
Turn   | Place    | Note
-------+----------+-------------------------------------------
     0 | D:1      | Vomitron the Draconian Conjurer began the quest for the
                  | Orb.
     0 | D:1      | Reached XP level 1. HP: 14/14 MP: 3/3
   351 | D:1      | Reached XP level 2. HP: 12/20 MP: 3/5
   599 | D:1      | Learned a level 2 spell: Searing Ray
   984 | D:1      | Found a faded altar of an unknown god.
  1095 | D:1      | Became a worshipper of Trog the Wrathful
  1095 | D:1      | Reached * piety under Trog
  1096 | D:1      | Quit the game

Illustrated notes

Levels and vault maps discovered:
D:1:      elethiomel_arrival_shortcut, layout_basic,
          shapermc_ecumenical_altar_mp_vishouse, minmay_surrounded

Action                   || total
-------------------------++-------
Melee: Unarmed           ||    32
       Club              ||    11
       Tailslap          ||     1
 Cast: Magic Dart        ||    27
       Searing Ray       ||     1
Armor: Skin              ||    18
Dodge: Dodged            ||    42

Table legend: (Time is in decaauts)
 A = Elapsed time spent in this place.
 B = Non-inter-level travel time spent in this place.
 C = Inter-level travel time spent in this place.
 D = Time resting spent in this place.
 E = Time spent auto-exploring this place.
 F = Levels seen in this place.
 G = Mean time per level.
                   A        B        C        D        E       F      G
               +--------+--------+--------+--------+--------+-----+--------+
         Total |   1098 |   1043 |     55 |    475 |    371 |   1 | 1098.0 |
       Dungeon |   1098 |   1043 |     55 |    475 |    371 |   1 | 1098.0 |
               +--------+--------+--------+--------+--------+-----+--------+

Top non-repeatable levels by time:
     D:1: 1098 daAuts
